 Dungeon Crawl Stone Soup version 0.31.0-12-g77e489cdc1 (webtiles) character file.

Game seed: 3860344403186987253

217 Killerpretzel the Changeling (level 5, -6/35 HPs)
             Began as an Octopode Shapeshifter on Mar 1, 2024.
             Mangled by a gnoll
             ... wielding a +1 heavy flail
              (16 damage)
             ... on level 2 of the Dungeon.
             The game lasted 00:01:49 (1318 turns).

Killerpretzel the Changeling (OpSh)                 Turns: 1318, Time: 00:01:49

Health: -6/35      AC:  1    Str: 14    XL:     5   Next: 94%
Magic:  5/5        EV: 11    Int: 12    God:
Gold:   79         SH:  0    Dex: 13    Spells: 4/4 levels left

rFire   . .          .
                       - Unarmed
rCold   . . .        (no shield)
rNeg    . . .        (helmet currently unavailable)
rPois   .            (no amulet)
rElec   .            (no ring)
rCorr   .            (no ring)
SInv    .            (no ring)
Will    .....        (no ring)
Stlth   ++           (no ring)
HPRegen 0.25/turn    (no ring)
MPRegen 0.09/turn    (no ring)
                     (no ring)

%: no passive effects
@: beast-form, constricted
A: beast (slay +2), almost no armour, amphibious, 8 rings, camouflage 1,
gelatinous body 1, (nimble swimmer 1), tentacles
a: Begin Untransformation


You were on level 2 of the Dungeon.
You were a hulking beast.
You visited 1 branch of the dungeon, and saw 2 of its levels.

You collected 79 gold pieces.

Inventory:

Talismans
 b - a beast talisman
 c - a flux talisman
Potions
 d - a potion of heal wounds


   Skills:
 + Level 2.6 Fighting
 + Level 3.1 Dodging
 + Level 3.9 Unarmed Combat
 * Level 4.3 Shapeshifting


You had 4 spell levels left.
You didn't know any spells.
Your spell library contained the following spells:

 Spells                   Type           Power      Damage    Failure   Level
 Cigotuvi's Dreadful Rot  Necr/Alch/Air  0%         N/A       45%         2
 Dispel Undead            Necr           0%         3d6       97%         4
 Martyr's Knell           Necr/Summ      0%         N/A       97%         4
 Death Channel            Necr           0%         N/A       100%        6


Dungeon Overview and Level Annotations

Branches:
Dungeon (2/15)

Altars:


Innate Abilities, Weirdness & Mutations

You are a hulking beast.
Your limbs bulge with bestial killing power. (Slay +2)
You cannot wear most types of armour.
You are amphibious.
You can wear up to eight rings at the same time.
Your skin changes colour to match your surroundings (Stealth+).
Your rubbery body absorbs attacks. (AC +1, EV +1)
((You are camouflaged when in or above water. (Stealth+)))
You have tentacles for arms and can constrict up to eight enemies at once.


Message History

The adder is moderately wounded.
You constrict the adder. The adder barely misses you.
You tentacle-slap the adder. You squeeze the adder.
You kill the adder!
The rat twitches its whiskers.
The rat closely misses you.
You closely miss the rat. You grab the rat. You constrict the rat.
You kill the rat!
No target in view!
A gnoll comes into view.
It is wielding a +0 flail and quivering a throwing net.
A ball python comes into view.
The gnoll shouts!
You hear a shout!
A gnoll comes into view. It is wielding a +1 heavy flail.
The gnoll throws a throwing net.
The throwing net closely misses you.
A gnoll comes into view. It is wielding a +3 spear.
The gnoll shouts!
The ball python hisses angrily.
You hear an angry hiss.
A rat comes into view.
A frilled lizard comes into view.
The gnoll completely misses you.
The rat squeaks loudly.
You tentacle-slap the gnoll. Your grab misses the gnoll.
The gnoll is lightly wounded.
The ball python completely misses you. The ball python closely misses you.
You tentacle-slap the gnoll. You grab the gnoll.
The gnoll is heavily wounded.
You constrict the gnoll, but do no damage.
The ball python bites you. The ball python barely misses you.
The gnoll hits you with a +0 flail!
The gnoll hits you from afar with a +3 spear!
You are too injured to fight recklessly!
You are too injured to fight recklessly!
You are too injured to fight recklessly!
You are too injured to fight recklessly!
There are monsters nearby!
You release your grip on the gnoll.
The ball python attacks as it pursues you!
The ball python barely misses you. The ball python grabs you.
The ball python constricts you. The gnoll attacks as it pursues you!
The gnoll hits you with a +1 heavy flail!
You die...

#.#
##.......#†....
#.#
#........).####
#.# ##....>..#..<#
#.# #..........###
#.# ##.......#.# #
##
###(###..........#
# .. #
#......#.#.#.#.#.#
# ###.#
#......##........#
# ....#
#...h..##........#
# ....#
#...gSg########.#
# ....# #......#
#.##### #####
#...rg.# #......
... ###.....
#...... ###.#
....... .#.... .
###..l... #.... ..
+......# # #....
... #.......
#.#....


You could see 3 gnolls, a ball python, a frilled lizard and a rat.

Vanquished Creatures
  Sigmund (D:2)
  3 adders (D:2)
  A dart slug (D:1)
  5 bats
  3 endoplasms (D:1)
  2 giant cockroaches
  3 goblins
  2 hobgoblins (D:1)
  A quokka (D:1)
  2 ball pythons
  4 kobolds
  4 rats
31 creatures vanquished.

Notes
Turn   | Place    | Note
-------+----------+-------------------------------------------
     0 | D:1      | Killerpretzel the Octopode Shapeshifter began the quest for
                  | the Orb.
     0 | D:1      | Reached XP level 1. HP: 13/13 MP: 1/1
   128 | D:1      | Reached XP level 2. HP: 10/18 MP: 2/2
  1055 | D:2      | Reached XP level 3. HP: 22/23 MP: 3/3
  1075 | D:2      | Noticed Sigmund
  1092 | D:2      | Killed Sigmund
  1093 | D:2      | Reached skill level 4 in Shapeshifting
  1093 | D:2      | Reached XP level 4. HP: 30/30 MP: 4/4
  1093 | D:2      | Reached XP level 5. HP: 35/35 MP: 5/5
  1318 | D:2      | Mangled by a gnoll

Illustrated notes

Levels and vault maps discovered:
D:1:      orjb1_clovarrival, layout_basic, kennysheep_boxes
D:2:      layout_basic, minmay_misc_feat_rugged, st_stairs_4, uniq_sigmund

Skill      XL: |  1  2  3 |
---------------+----------+-----
Fighting       | 2 |  2.6
Dodging        | 3 |  3.1
Shapeshifting  | 4 |  4.3
Unarmed Combat | |  3.9

Action                     |  1- 3 |  4- 6 || total
---------------------------+-------+-------++-------
  Melee: Unarmed           |    41 |    21 ||    62
         Tentacles         |     6 |     3 ||     9
         Constrict         |     7 |     5 ||    12
    Use: Scroll            |     1 |       ||     1
         Potion            |     1 |       ||     1
   Stab: Sleeping          |     8 |       ||     8
 Armour: Skin              |    27 |    22 ||    49
  Dodge: Dodged            |    19 |    19 ||    38
